 Dungeon Crawl Stone Soup version 0.30.1-3-gfc49f6343a (webtiles) character file.

Game seed: 11008268130366162172

3166 Wiggles the Cleaver (level 9, 0/81 HPs)
             Began as a Minotaur Berserker on July 18, 2023.
             Was an Elder of Trog.
             Slain by a sky beast (5 damage)
             ... on level 8 of the Dungeon.
             The game lasted 00:12:23 (6736 turns).

Wiggles the Cleaver (Minotaur Berserker)            Turns: 6736, Time: 00:12:24

Health: 0/81       AC: 13    Str: 27    XL:     9   Next: 63%
Magic:  8/8        EV: 12    Int:  4    God:    Trog [****..]
Gold:   38         SH:  0    Dex: 15    Spells: 8/8 levels left

rFire   . . .        c - +2 battleaxe (heavy)
rCold   . . .        (shield currently unavailable)
rNeg    . . .        z - +0 scale mail {rPois}
rPois   +            o - +0 hat
rElec   .            A - +0 cloak
rCorr   .            F - +0 pair of gloves
SInv    .            p - +1 pair of boots
Will    .....        G - amulet of regeneration
Stlth   +            H - +4 ring of slaying
HPRegen 1.13/turn    r - +6 ring of dexterity
MPRegen 0.11/turn

%: no passive effects
@: no status effects
A: horns 2, retaliatory headbutt
a: Renounce Religion, Berserk, Trog's Hand, Brothers in Arms


You were on level 8 of the Dungeon.
You worshipped Trog.
Trog was greatly pleased with you.
You visited 1 branch of the dungeon, and saw 8 of its levels.

You collected 488 gold pieces.
You spent 450 gold pieces at shops.

Inventory:

Hand Weapons
 c - a +2 heavy battleaxe (weapon)
Missiles
 t - 4 boomerangs of dispersal (quivered)
Armour
 o - a +0 hat (worn)
 p - a +1 pair of boots (worn)
 z - a +0 scale mail of poison resistance (worn)
 A - a +0 cloak (worn)
 F - a +0 pair of gloves (worn)
Jewellery
 r - a +6 ring of dexterity (right hand)
 s - a ring of positive energy
 E - a ring of magical power
 G - an amulet of regeneration (around neck)
 H - a +4 ring of slaying (left hand)
Wands
 a - a wand of charming (9)
 x - a wand of flame (1)
Scrolls
 b - 3 scrolls of magic mapping
 d - a scroll of identify
 e - 2 scrolls of poison
 g - 3 scrolls of amnesia
 i - 3 scrolls of teleportation
 l - a scroll of torment
 w - a scroll of fear {unknown}
 y - a scroll of enchant armour
 D - a scroll of noise
Potions
 f - 6 potions of curing
 h - a potion of resistance
 j - 2 potions of invisibility
 k - 2 potions of flight
 m - 2 potions of lignification
 n - 2 potions of berserk rage
 q - a potion of degeneration {unknown}
 u - 3 potions of cancellation
 v - a potion of mutation
 B - a potion of magic
 C - a potion of heal wounds {unknown}


   Skills:
 + Level 8.1 Fighting
 + Level 11.7 Axes
 + Level 7.9 Armour
 + Level 4.7 Dodging
 + Level 1.8 Stealth


You had 8 spell levels left.
You didn't know any spells.
Your spell library was empty.

Dungeon Overview and Level Annotations

Branches:
Dungeon (8/15)             Temple (0/1) D:6
   Lair: D:8-11

Altars:
Ashenzari
Dithmenos
Fedhas
Qazlal
Trog
Zin
The Shining One

Shops:
D:3 [   D:7 =


Innate Abilities, Weirdness & Mutations

You have a pair of horns on your head.
You reflexively headbutt those who attack you in melee.


Message History

The orc barely misses you.
You carve the orc like a ham!!!
You kill the orc!
Trog accepts your kill.
The orc wizard hits you but does no damage.
The orc priest mumbles some strange prayers to Beogh against you.
Beogh smites you!
You slice the orc wizard!!
You kill the orc wizard!
Trog accepts your kill.
Trog appreciates your killing of a magic user.
You closely miss the sky beast.
The sky beast hits you but does no damage.
The sky beast hits you. The sky beast shocks you.
You barely miss the sky beast.
The sky beast hits you but does no damage.
The sky beast flickers out of sight!
Deactivating autopickup; reactivate with Ctrl-A.
Something hits you but does no damage.
You hit something.
Something hits you but does no damage. x2
The orc priest invokes the aid of Beogh against you.
Beogh smites you!
You miss something. Your headbutt misses something.
Something hits you but does no damage.
You slash something!
The orc priest invokes the aid of Beogh against you.
Beogh smites you!
* * * LOW HITPOINT WARNING * * *
Something hits you.
* * * LOW HITPOINT WARNING * * *
Something shocks you.
* * * LOW HITPOINT WARNING * * *
The orc priest calls down the wrath of Beogh upon you.
Beogh smites you!
* * * LOW HITPOINT WARNING * * *
Something hits you but does no damage.
You miss something. Your headbutt misses something. Something hits you.
* * * LOW HITPOINT WARNING * * *
Something shocks you.
You die...

####### #.....#
###########.###.#
..))........# #.# ##
###########.###.###...##
#.......@{o..... ######
#.#########....# ......
.. ... ###### #. .
#......# #......##
#........ ##### #.......
....# #......


You could see an orc priest.

Vanquished Creatures
  9 yaks
  Menkaure (D:5)
  A water moccasin (D:5)
  A sky beast (D:7)
  An ice beast (D:5)
  A black bear (D:7)
  A centaur (D:7)
  A phantom (D:6)
  2 kobold brigands
  Blork the orc (D:6)
  2 bullfrogs
  2 scorpions
  A howler monkey (D:5)
  3 hounds
  2 orc priests (D:4)
  A gnoll bouda (D:7)
  A sleepcap (D:2)
  An iguana (D:5)
  7 orc wizards
  5 gnolls (D:7)
  7 adders
  A shadow imp (D:6)
  4 ufetubi
  3 worms
  2 dart slugs
  46 orcs
  8 endoplasms
  5 giant cockroaches
  10 goblins
  7 hobgoblins
  5 jackals
  4 quokkas
  4 ball pythons
  7 bats
  3 frilled lizards
  11 kobolds
  4 rats
175 creatures vanquished.

Notes
Turn   | Place    | Note
-------+----------+-------------------------------------------
     0 | D:1      | Wiggles the Minotaur Berserker began the quest for the Orb.
     0 | D:1      | Reached XP level 1. HP: 19/19 MP: 0/0
   321 | D:1      | Found a faded altar of an unknown god.
   341 | D:1      | Reached XP level 2. HP: 10/27 MP: 1/1
   345 | D:1      | Reached skill level 4 in Axes
  1141 | D:2      | Reached XP level 3. HP: 10/33 MP: 2/2
  1706 | D:2      | Found a stormy altar of Qazlal.
  1713 | D:2      | Reached ** piety under Trog
  1849 | D:2      | Reached XP level 4. HP: 19/41 MP: 3/3
  1940 | D:2      | Reached skill level 5 in Axes
  2061 | D:3      | Found Ariupak's Antique Armour Emporium.
  2281 | D:3      | Noticed a bullfrog
  2287 | D:3      | Killed a bullfrog
  2288 | D:3      | Reached XP level 5. HP: 25/47 MP: 4/4
  2333 | D:3      | Reached skill level 5 in Fighting
  2867 | D:3      | Reached XP level 6. HP: 52/56 MP: 5/5
  2893 | D:3      | Found a shadowy altar of Dithmenos.
  2918 | D:3      | Reached skill level 6 in Axes
  3253 | D:4      | Found a blossoming altar of Fedhas.
  3334 | D:4      | Reached skill level 1 in Stealth
  3503 | D:4      | Reached *** piety under Trog
  3792 | D:4      | You fall into a shaft and drop 1 floor!
  3792 | D:5      | Entered Level 5 of the Dungeon
  3797 | D:5      | Found a broken altar of Ashenzari.
  3797 | D:5      | Noticed Menkaure
  3805 | D:5      | Killed Menkaure
  3806 | D:5      | Reached skill level 7 in Axes
  3806 | D:5      | Reached XP level 7. HP: 61/61 MP: 6/6
  4409 | D:5      | Reached skill level 8 in Axes
  4638 | D:5      | Found a bloodstained altar of Trog.
  4778 | D:5      | Reached skill level 5 in Armour
  5065 | D:6      | Found a glowing silver altar of Zin.
  5065 | D:6      | Noticed Blork the orc
  5071 | D:6      | Killed Blork the orc
  5072 | D:6      | Reached XP level 8. HP: 58/70 MP: 7/7
  5253 | D:6      | Reached **** piety under Trog
  5428 | D:6      | Found a staircase to the Ecumenical Temple.
  5595 | D:6      | Reached skill level 9 in Axes
  5828 | D:6      | Identified a scroll of acquirement
  5828 | D:6      | Acquired a +2 heavy battleaxe
  5989 | D:7      | Found a glowing golden altar of the Shining One.
  6032 | D:7      | Reached skill level 10 in Axes
  6404 | D:7      | Found Nickang's Jewellery Shop.
  6411 | D:7      | Reached XP level 9. HP: 74/79 MP: 8/8
  6528 | D:7      | Bought an amulet of regeneration for 450 gold pieces
  6724 | D:8      | Reached skill level 11 in Axes
  6736 | D:8      | Slain by a sky beast

Illustrated notes

Levels and vault maps discovered:
D:1:      dpeg_arrival_lava_altar, layout_basic, serial_co_window_serial,
          co_window_paths_b, co_window_paths_b, co_window_of_opportunity_a,
          co_window_paths_b, co_window_corner_a, co_window_paths_a,
          co_window_2corner, co_window_broadway_b, co_window_corner_b,
          co_window_2corner, glass_columns_a, glass_columns_a, glass_columns_a,
          glass_columns_a, hellmonk_ecumenical_altar_arch_garden,
          minmay_statues_item
D:2:      minmay_spotlight, layout_loops_cross, basic_altar
D:3:      layout_loops_corners, nicolae_dithmenos_shadow_blocks, serial_shops,
          nicolae_shop_getting_attention, minmay_diced_spiral
D:4:      layout_rooms, fedhas_altar_1
D:5:      layout_loops_ring, amcnicky_altar_gilded, lightli_temple_of_fire,
          chequers_serial_rivers_small_3, minmay_fractal_squares_5,
          uniq_menkaure
D:6:      layout_basic, zin_treasury, minmay_temple_entry_hall, minivault_5,
          due_unseen_surprise, uniq_blork_the_orc
D:7:      layout_cave_pools, general_overflow_altar, serial_shops,
          nicolae_shop_peninsula
D:8:      layout_loops_ring, lair_entry_dummy, uniq_maurice

Skill      XL: |  1  2  3  4  5  6  7  8  9 |
---------------+----------------------------+-----
Axes           | 4 5 7 8 10 11 | 11.7
Fighting       | 4 5 6 7 8 |  8.1
Armour         | 3 4 5 7 |  7.9
Dodging        | 3 4 |  4.7
Stealth        | 1 |  1.8

Action                     |  1- 3 |  4- 6 |  7- 9 || total
---------------------------+-------+-------+-------++-------
  Melee: Hand axe          |    93 |    14 |       ||   107
         Headbutt          |    13 |    18 |    33 ||    64
         War axe           |       |   114 |   111 ||   225
         Punch             |       |     1 |     2 ||     3
         Battleaxe         |       |       |    57 ||    57
 Invoke: Berserk           |       |     1 |       ||     1
    Use: Scroll            |       |       |    18 ||    18
 Armour: Animal skin       |     9 |       |       ||     9
         Leather armour    |     5 |    14 |       ||    19
         Ring mail         |       |    31 |       ||    31
         Scale mail        |       |       |    83 ||    83
  Dodge: Dodged            |    51 |    63 |   126 ||   240
